Workbook

Sheet Army Costs
A1: Maintaince Cost | B1: Time Period in months | C1: Cost in Drachms per month | D1: Cost in Talents per month | E1: Soldiers to be hired | F1: Army Cost in talents
A2: Archer | B2: 12 | C2: 150 | D2: =(C2/6000)*B2 -> 0.3 | E2: 1000 | F2: =E2*D2 -> 300
A3: Infantry member | B3: 12 | C3: 250 | D3: =(C3/6000)*B3 -> 0.5 | F3: =E3*D3 -> 0
A4: Cavalry member | B4: 12 | C4: 500 | D4: =(C4/6000)*B4 -> 1 | F4: =E4*D4 -> 0
A5: Ship | B5: 12 | C5: 6000 | D5: =(C5/6000)*B5 -> 12 | F5: =E5*D5 -> 0
A6: Total | F6: =SUM(F3:F5) -> 0

Sheet Money Value
A1: 10 talents | B1: Light Blue
A2: 50 talents | B2: Purple
A3: 100 talents | B3: Yellow
A4: 250 talents | B4: Orange
A5: 500 talents | B5: Green
A6: 750 talents | B6: Red
A7: 1000 talents | B7: Dark Blue

Sheet Distribution of Money
A1: Location | B1: Owner | C1: Total Value in Talents | D1: Total Value in Drachms
A2: Athens | B2: Harpalus | C2: 5000 | D2: =C2*6000 -> 30000000
A3: Kilikia | B3: Krateros | C3: 20000 | D3: =C3*6000 -> 120000000
A4: Persepolis | B4: Alexander | C4: 50000 | D4: =C4*6000 -> 300000000
A5: Sardis | B5: Alexander | C5: 20000 | D5: =C5*6000 -> 120000000
A6: Babylon | B6: Alexander | C6: 90000 | D6: =C6*6000 -> 540000000
A7: Memphis | B7: Alexander | C7: 5000 | D7: =C7*6000 -> 30000000
A8: Bactria | B8: Alexander | C8: 5000 | D8: =C8*6000 -> 30000000
A9: Pella | B9: Antipater | C9: 10000 | D9: =C9*6000 -> 60000000
A10: Kelania | B10: Antigonos | C10: 20000 | D10: =C10*6000 -> 120000000
D11: =C11*6000 -> 0
C14: =SUM(C2:C10) -> 225000

Sheet Distribution of Troops
A1: Location | B1: Commander | C1: Archers/Slingers | D1: Infantry | E1: Cavalry | F1: Ships | G1: Cost per month in Talents
A2: Kelainai | B2: Antigonos | D2: 8000 | E2: 2000 | F2: 0 | G2: =(D2*'Army Costs'!$D$3)+(E2*'Army Costs'!$D$4)+('Distribution of Troops'!F2*'Army Costs'!$D$5)+(C2*'Army Costs'!D2) -> 6000
A3: Kilikia | B3: Krateros | D3: 10000 | E3: 1500 | F3: 0 | G3: =(D3*'Army Costs'!$D$3)+(E3*'Army Costs'!$D$4)+('Distribution of Troops'!F3*'Army Costs'!$D$5)+(C3*'Army Costs'!D3) -> 6500
A4: Babylon | B4: Alexander | D4: 55000 | E4: 7000 | F4: 0 | G4: =(D4*'Army Costs'!$D$3)+(E4*'Army Costs'!$D$4)+('Distribution of Troops'!F4*'Army Costs'!$D$5)+(C4*'Army Costs'!D4) -> 34500
A5: Babylon | B5: Peukestas | C5: 20000 | D5: 500 | G5: =(D5*'Army Costs'!$D$3)+(E5*'Army Costs'!$D$4)+('Distribution of Troops'!F5*'Army Costs'!$D$5)+(C5*'Army Costs'!$D$2) -> 6250
G6: =(D6*'Army Costs'!$D$3)+(E6*'Army Costs'!$D$4)+('Distribution of Troops'!F6*'Army Costs'!$D$5)+(C6*'Army Costs'!D6) -> 0
G7: =(D7*'Army Costs'!$D$3)+(E7*'Army Costs'!$D$4)+('Distribution of Troops'!F7*'Army Costs'!$D$5)+(C7*'Army Costs'!D7) -> 0
G8: =(D8*'Army Costs'!$D$3)+(E8*'Army Costs'!$D$4)+('Distribution of Troops'!F8*'Army Costs'!$D$5)+(C8*'Army Costs'!D8) -> 0
G9: =(D9*'Army Costs'!$D$3)+(E9*'Army Costs'!$D$4)+('Distribution of Troops'!F9*'Army Costs'!$D$5)+(C9*'Army Costs'!D9) -> 0
G10: =(D10*'Army Costs'!$D$3)+(E10*'Army Costs'!$D$4)+('Distribution of Troops'!F10*'Army Costs'!$D$5)+(C10*'Army Costs'!D10) -> 0

Sheet Year 323
A1: Region | B1: Satrap | C1: Garrison Size | D1: Garrisoned Soldier Cost | E1: Army Costs | F1: Population | G1: Potential Troop levy | H1: Low Grain Harvest | I1: Normal Grain Harvest | J1: High Grain Harvest | K1: Required Grain | L1: Suplus Grain | M1: Tax Income in Talents | N1: Top 3 trade resources | O1: Trade Income | P1: Other Expenditure | Q1: Revenue - Expenses
A2: Macedonia | C2: 1000 | D2: 500 | F2: 200000 | G2: 12000 | H2: =Table1[[#This Row],[Normal Grain Harvest]]*0.6 -> 1500000 | I2: 2500000 | J2: =Table1[[#This Row],[Normal Grain Harvest]]*1.3 -> 3250000 | K2: =(Table1[[#This Row],[Population]]*365)/1000 -> 73000 | L2: =Table1[[#This Row],[Normal Grain Harvest]]-Table1[[#This Row],[Required Grain]] -> 2427000 | M2: =(Table1[[#This Row],[Suplus Grain]]/2)/2000 -> 606.75 | N2: timber, gold, silver | Q2: =(Table1[[#This Row],[Tax Income in Talents]]+Table1[[#This Row],[Trade Income]]-Table1[[#This Row],[Army Costs]]-Table1[[#This Row],[Other Expenditure]]-Table1[[#This Row],[Garrisoned Soldier Cost]]) -> 106.75
A3: Thrace | C3: 1000 | D3: 500 | F3: 200000 | G3: 7000 | H3: =Table1[[#This Row],[Normal Grain Harvest]]*0.6 -> 1500000 | I3: 2500000 | J3: =Table1[[#This Row],[Normal Grain Harvest]]*1.3 -> 3250000 | K3: =(Table1[[#This Row],[Population]]*365)/1000 -> 73000 | L3: =Table1[[#This Row],[Normal Grain Harvest]]-Table1[[#This Row],[Required Grain]] -> 2427000 | M3: =(Table1[[#This Row],[Suplus Grain]]/2)/2000 -> 606.75 | N3: gold, tin, silver | Q3: =(Table1[[#This Row],[Tax Income in Talents]]+Table1[[#This Row],[Trade Income]]-Table1[[#This Row],[Army Costs]]-Table1[[#This Row],[Other Expenditure]]-Table1[[#This Row],[Garrisoned Soldier Cost]]) -> 106.75
A4: Paphlogonia | C4: 3000 | D4: 1500 | F4: 500000 | G4: 15000 | H4: =Table1[[#This Row],[Normal Grain Harvest]]*0.6 -> 4050000 | I4: 6750000 | J4: =Table1[[#This Row],[Normal Grain Harvest]]*1.3 -> 8775000 | K4: =(Table1[[#This Row],[Population]]*365)/1000 -> 182500 | L4: =Table1[[#This Row],[Normal Grain Harvest]]-Table1[[#This Row],[Required Grain]] -> 6567500 | M4: =(Table1[[#This Row],[Suplus Grain]]/2)/2000 -> 1641.875 | N4: fish | Q4: =(Table1[[#This Row],[Tax Income in Talents]]+Table1[[#This Row],[Trade Income]]-Table1[[#This Row],[Army Costs]]-Table1[[#This Row],[Other Expenditure]]-Table1[[#This Row],[Garrisoned Soldier Cost]]) -> 141.875
A5: Ionia | C5: 3000 | D5: 1500 | F5: 500000 | G5: 13000 | H5: =Table1[[#This Row],[Normal Grain Harvest]]*0.6 -> 4050000 | I5: 6750000 | J5: =Table1[[#This Row],[Normal Grain Harvest]]*1.3 -> 8775000 | K5: =(Table1[[#This Row],[Population]]*365)/1000 -> 182500 | L5: =Table1[[#This Row],[Normal Grain Harvest]]-Table1[[#This Row],[Required Grain]] -> 6567500 | M5: =(Table1[[#This Row],[Suplus Grain]]/2)/2000 -> 1641.875 | N5: fish | Q5: =(Table1[[#This Row],[Tax Income in Talents]]+Table1[[#This Row],[Trade Income]]-Table1[[#This Row],[Army Costs]]-Table1[[#This Row],[Other Expenditure]]-Table1[[#This Row],[Garrisoned Soldier Cost]]) -> 141.875
A6: Mysia | C6: 3000 | D6: 1500 | F6: 500000 | G6: 10000 | H6: =Table1[[#This Row],[Normal Grain Harvest]]*0.6 -> 4050000 | I6: 6750000 | J6: =Table1[[#This Row],[Normal Grain Harvest]]*1.3 -> 8775000 | K6: =(Table1[[#This Row],[Population]]*365)/1000 -> 182500 | L6: =Table1[[#This Row],[Normal Grain Harvest]]-Table1[[#This Row],[Required Grain]] -> 6567500 | M6: =(Table1[[#This Row],[Suplus Grain]]/2)/2000 -> 1641.875 | N6: produce | Q6: =(Table1[[#This Row],[Tax Income in Talents]]+Table1[[#This Row],[Trade Income]]-Table1[[#This Row],[Army Costs]]-Table1[[#This Row],[Other Expenditure]]-Table1[[#This Row],[Garrisoned Soldier Cost]]) -> 141.875
A7: Phrygia | C7: 3000 | D7: 1500 | F7: 500000 | G7: 20000 | H7: =Table1[[#This Row],[Normal Grain Harvest]]*0.6 -> 4050000 | I7: 6750000 | J7: =Table1[[#This Row],[Normal Grain Harvest]]*1.3 -> 8775000 | K7: =(Table1[[#This Row],[Population]]*365)/1000 -> 182500 | L7: =Table1[[#This Row],[Normal Grain Harvest]]-Table1[[#This Row],[Required Grain]] -> 6567500 | M7: =(Table1[[#This Row],[Suplus Grain]]/2)/2000 -> 1641.875 | N7: gold | Q7: =(Table1[[#This Row],[Tax Income in Talents]]+Table1[[#This Row],[Trade Income]]-Table1[[#This Row],[Army Costs]]-Table1[[#This Row],[Other Expenditure]]-Table1[[#This Row],[Garrisoned Soldier Cost]]) -> 141.875
A8: Lydia | C8: 3000 | D8: 1500 | F8: 500000 | G8: 20000 | H8: =Table1[[#This Row],[Normal Grain Harvest]]*0.6 -> 4050000 | I8: 6750000 | J8: =Table1[[#This Row],[Normal Grain Harvest]]*1.3 -> 8775000 | K8: =(Table1[[#This Row],[Population]]*365)/1000 -> 182500 | L8: =Table1[[#This Row],[Normal Grain Harvest]]-Table1[[#This Row],[Required Grain]] -> 6567500 | M8: =(Table1[[#This Row],[Suplus Grain]]/2)/2000 -> 1641.875 | N8: grain | Q8: =(Table1[[#This Row],[Tax Income in Talents]]+Table1[[#This Row],[Trade Income]]-Table1[[#This Row],[Army Costs]]-Table1[[#This Row],[Other Expenditure]]-Table1[[#This Row],[Garrisoned Soldier Cost]]) -> 141.875
A9: Capadocia | C9: 3000 | D9: 1500 | F9: 400000 | G9: 20000 | H9: =Table1[[#This Row],[Normal Grain Harvest]]*0.6 -> 4050000 | I9: 6750000 | J9: =Table1[[#This Row],[Normal Grain Harvest]]*1.3 -> 8775000 | K9: =(Table1[[#This Row],[Population]]*365)/1000 -> 146000 | L9: =Table1[[#This Row],[Normal Grain Harvest]]-Table1[[#This Row],[Required Grain]] -> 6604000 | M9: =(Table1[[#This Row],[Suplus Grain]]/2)/2000 -> 1651 | N9: tin | Q9: =(Table1[[#This Row],[Tax Income in Talents]]+Table1[[#This Row],[Trade Income]]-Table1[[#This Row],[Army Costs]]-Table1[[#This Row],[Other Expenditure]]-Table1[[#This Row],[Garrisoned Soldier Cost]]) -> 151
A10: Kilikia | C10: 3000 | D10: 1500 | F10: 750000 | G10: 13000 | H10: =Table1[[#This Row],[Normal Grain Harvest]]*0.6 -> 4050000 | I10: 6750000 | J10: =Table1[[#This Row],[Normal Grain Harvest]]*1.3 -> 8775000 | K10: =(Table1[[#This Row],[Population]]*365)/1000 -> 273750 | L10: =Table1[[#This Row],[Normal Grain Harvest]]-Table1[[#This Row],[Required Grain]] -> 6476250 | M10: =(Table1[[#This Row],[Suplus Grain]]/2)/2000 -> 1619.0625 | N10: timber | Q10: =(Table1[[#This Row],[Tax Income in Talents]]+Table1[[#This Row],[Trade Income]]-Table1[[#This Row],[Army Costs]]-Table1[[#This Row],[Other Expenditure]]-Table1[[#This Row],[Garrisoned Soldier Cost]]) -> 119.0625
A11: Syria | C11: 3000 | D11: 1500 | F11: 1000000 | G11: 20000 | H11: =Table1[[#This Row],[Normal Grain Harvest]]*0.6 -> 4500000 | I11: 7500000 | J11: =Table1[[#This Row],[Normal Grain Harvest]]*1.3 -> 9750000 | K11: =(Table1[[#This Row],[Population]]*365)/1000 -> 365000 | L11: =Table1[[#This Row],[Normal Grain Harvest]]-Table1[[#This Row],[Required Grain]] -> 7135000 | M11: =(Table1[[#This Row],[Suplus Grain]]/2)/2000 -> 1783.75 | N11: timber, dyes | Q11: =(Table1[[#This Row],[Tax Income in Talents]]+Table1[[#This Row],[Trade Income]]-Table1[[#This Row],[Army Costs]]-Table1[[#This Row],[Other Expenditure]]-Table1[[#This Row],[Garrisoned Soldier Cost]]) -> 283.75
A12: Egypt | C12: 7500 | D12: 3750 | F12: 3500000 | G12: 80000 | H12: =Table1[[#This Row],[Normal Grain Harvest]]*0.6 -> 13500000 | I12: 22500000 | J12: =Table1[[#This Row],[Normal Grain Harvest]]*1.3 -> 29250000 | K12: =(Table1[[#This Row],[Population]]*365)/1000 -> 1277500 | L12: =Table1[[#This Row],[Normal Grain Harvest]]-Table1[[#This Row],[Required Grain]] -> 21222500 | M12: =(Table1[[#This Row],[Suplus Grain]]/2)/2000 -> 5305.625 | N12: grain, produce, papyrus, gems | Q12: =(Table1[[#This Row],[Tax Income in Talents]]+Table1[[#This Row],[Trade Income]]-Table1[[#This Row],[Army Costs]]-Table1[[#This Row],[Other Expenditure]]-Table1[[#This Row],[Garrisoned Soldier Cost]]) -> 1555.625
A13: Mesopotamia | C13: 5000 | D13: 2500 | F13: 2000000 | G13: 45000 | H13: =Table1[[#This Row],[Normal Grain Harvest]]*0.6 -> 7800000 | I13: 13000000 | J13: =Table1[[#This Row],[Normal Grain Harvest]]*1.3 -> 16900000 | K13: =(Table1[[#This Row],[Population]]*365)/1000 -> 730000 | L13: =Table1[[#This Row],[Normal Grain Harvest]]-Table1[[#This Row],[Required Grain]] -> 12270000 | M13: =(Table1[[#This Row],[Suplus Grain]]/2)/2000 -> 3067.5 | N13: grain, dates, salt | Q13: =(Table1[[#This Row],[Tax Income in Talents]]+Table1[[#This Row],[Trade Income]]-Table1[[#This Row],[Army Costs]]-Table1[[#This Row],[Other Expenditure]]-Table1[[#This Row],[Garrisoned Soldier Cost]]) -> 567.5
... A18: Bactria + Sogdiane | C18: 3000 | D18: 1500 | F18: 1000000 | G18: 20000 | H18: =Table1[[#This Row],[Normal Grain Harvest]]*0.6 -> 4500000 | I18: 7500000 | J18: =Table1[[#This Row],[Normal Grain Harvest]]*1.3 -> 9750000 | K18: =(Table1[[#This Row],[Population]]*365)/1000 -> 365000 | L18: =Table1[[#This Row],[Normal Grain Harvest]]-Table1[[#This Row],[Required Grain]] -> 7135000 | M18: =(Table1[[#This Row],[Suplus Grain]]/2)/2000 -> 1783.75 | N18: grain, gold | Q18: =(Table1[[#This Row],[Tax Income in Talents]]+Table1[[#This Row],[Trade Income]]-Table1[[#This Row],[Army Costs]]-Table1[[#This Row],[Other Expenditure]]-Table1[[#This Row],[Garrisoned Soldier Cost]]) -> 283.75
